 Dungeon Crawl Stone Soup version 0.31.0-2-g5a2aebc5c2 (webtiles) character file.

Game seed: 16244777624731446678

35707 stipulation the Wrestler (level 13, 0/94 HPs)
             Began as a Ghoul Monk on Jan 20, 2024.
             Was a High Priest of Wu Jian.
             Slain by a five-headed hydra (4 damage)
             ... on level 5 of the Lair of Beasts on Jan 21, 2024.
             The game lasted 00:10:41 (14654 turns).

stipulation the Wrestler (Ghoul Monk)              Turns: 14654, Time: 00:10:41

Health: 0/94       AC: 15    Str: 26    XL:     13   Next: 85%
Magic:  0/13       EV:  8    Int:  9    God:    Wu Jian [*****.]
Gold:   490        SH:  0    Dex: 11    Spells: 12/12 levels left

rFire   . .          .
                       - Unarmed
rCold   + + .        c - orb {light}
rNeg    + + +        y - +0 plate armour
rPois   ∞            I - +0 helmet
rElec   .            b - +0 cloak
rCorr   +            (no gloves)
SInv    .            (no boots)
Will    +....        h - amulet of guardian spirit Stlth
                     L - +6 ring of strength
HPRegen 0.00/turn    t - ring of Ycvuisack {rC+ Will+ rCorr}
MPRegen 0.13/turn

%: guardian spirit
@: exhausted, inhibited regen, glowing
A: claws 1, cold resistance 1, negative energy resistance 3, inhibited
regeneration, torment resistance 2, devour on kill
a: Renounce Religion, Wall Jump, Serpent's Lash, Heavenly Storm


You were on level 5 of the Lair of Beasts.
You worshipped Wu Jian.
Wu Jian was extremely pleased with you.
You visited 3 branches of the dungeon, and saw 16 of its levels.
You also visited: Sewer.

You collected 852 gold pieces.
You spent 362 gold pieces at shops.

Inventory:

Armour
 a - a +0 robe
 b - a +0 cloak (worn)
 c - an orb of light (worn)
 y - a +0 plate armour (worn)
 I - a +0 helmet (worn)
Jewellery
 h - an amulet of guardian spirit (around neck)
 m - a ring of flight
 n - a ring of protection from cold
 o - a ring of see invisible
 p - a ring of wizardry
 r - a ring of flight
 s - a +5 ring of evasion
 t - the ring of Ycvuisack (right claw) {rC+ Will+ rCorr}
   (You took it off a wight on level 7 of the Dungeon)

   [ring of resist corrosion]

   rC+:       It protects you from cold.
   Will+:     It increases your willpower.
   rCorr:     It protects you from acid and corrosion.
 L - a +6 ring of strength (left claw)
 R - an amulet of faith
Wands
 j - a wand of iceblast (9)
 J - a wand of flame (14) (quivered)
Scrolls
 d - 2 scrolls of revelation
 e - 2 scrolls of amnesia {unknown}
 g - 2 scrolls of torment {unknown}
 i - 2 scrolls of enchant weapon
 k - 2 scrolls of enchant armour
 l - 2 scrolls of fear
 v - 5 scrolls of teleportation
 x - 2 scrolls of silence {unknown}
 B - 2 scrolls of fog {unknown}
 C - 3 scrolls of vulnerability {unknown}
 E - 3 scrolls of blinking
 O - a scroll of acquirement {unknown}
 P - 2 scrolls of noise {unknown}
 Q - 2 scrolls of identify
 S - a scroll of immolation {unknown}
Potions
 f - a potion of curing {unknown}
 q - 2 potions of magic {unknown}
 u - 4 potions of heal wounds
 w - 4 potions of enlightenment
 z - 5 potions of lignification
 A - 5 potions of haste
 D - a potion of mutation {unknown}
 F - a potion of cancellation {unknown}
 G - a potion of brilliance {unknown}
 H - a potion of invisibility {unknown}
 K - a potion of ambrosia
 M - a potion of berserk rage {unknown}
 N - 4 potions of might


   Skills:
 - Level 3.2 Fighting
 - Level 6.0 Armour
 - Level 2.6 Dodging
 - Level 0.3 Stealth
 + Level 23.5 Unarmed Combat


You had 12 spell levels left.
You didn't know any spells.
Your spell library contained the following spells:

 Spells                   Type           Power      Damage    Failure   Level
 Sandblast                Erth           0%         2d4       99%         1
 Slow                     Hex            0%         N/A       99%         1
 Cigotuvi's Dreadful Rot  Necr/Alch/Air  0%         N/A       100%        2
 Ensorcelled Hibernation  Hex/Ice        0%         N/A       100%        2
 Lesser Beckoning         Tloc           0%         N/A       100%        2
 Scorch                   Fire           0%         2d5       100%        2
 Static Discharge         Conj/Air       0%         3-3/arc   100%        2
 Confusing Touch          Hex            0%         N/A       100%        3
 Fugue of the Fallen      Necr           0%         N/A       100%        3
 Gell's Gravitas          Tloc           0%         N/A       100%        3
 Hailstorm                Conj/Ice       0%         3d5       100%        3
 Passwall                 Erth           0%         N/A       100%        3
 Sigil of Binding         Hex            0%         N/A       100%        3
 Stone Arrow              Conj/Erth      0%         3d7       100%        3
 Summon Ice Beast         Ice/Summ       0%         N/A       100%        3
 Teleport Other           Tloc           0%         N/A       100%        3
 Vampiric Draining        Necr           0%         2d6       100%        3
 Airstrike                Air            0%         2d(0-16)  100%        4
 Anguish                  Hex/Necr       0%         N/A       100%        4
 Animate Dead             Necr           0%         N/A       100%        4
 Brom's Barrelling Bould  Conj/Erth      0%         2d3       100%        4
 Flame Wave               Conj/Fire      0%         2d4       100%        4
 Ignite Poison            Fire/Alch      0%         N/A       100%        4
 Summon Lightning Spire   Summ/Air       0%         N/A       100%        4
 Borgnjor's Vile Clutch   Necr/Erth      0%         N/A       100%        5
 Freezing Cloud           Conj/Ice/Air   0%         6-21      100%        5
 Death Channel            Necr           0%         N/A       100%        6
 Sculpt Simulacrum        Ice/Alch       0%         N/A       100%        6
 Summon Cactus Giant      Summ           0%         N/A       100%        6


Dungeon Overview and Level Annotations

Branches:
Dungeon (10/15)            Temple (1/1) D:6            Lair (5/5) D:8
 Shoals (0/4) Lair:2       Spider (0/4) Lair:2        Slime (0/5) Lair:4
    Orc (0/2) D:9           Sewer (visited)

Altars:
Ashenzari
Cheibriados
Dithmenos
Fedhas
Gozag
Hepliaklqana
Kikubaaqudgha
Makhleb
Nemelex Xobeh
Okawaru
Qazlal
Ru
Sif Muna
Trog
Uskayaw
Vehumet
Wu Jian
Xom
Yredelemnul
Jiyva

Shops:
D:3 *   D:6 *   D:7 !   D:8 [   D:9 ?:


Innate Abilities, Weirdness & Mutations

You are immune to poison.
You have sharp fingernails.
Your flesh is cold resistant. (rC+)
You are immune to negative energy. (rN+++)
You do not regenerate when monsters are visible.
You are immune to unholy pain and torment.
You thrive by killing the living.


Message History

The bullfrog is lightly wounded.
You mangle the bullfrog!!
You kill the bullfrog!
The Council accepts your kill.
You feel better.
A blink frog comes into view.
The cane toad closely misses you.
You spin and attack the cane toad.
You scratch the cane toad but do no damage.
The cane toad is heavily wounded.
You spin and attack the five-headed hydra repeatedly.
You claw the five-headed hydra!
The five-headed hydra is lightly wounded.
You mangle the five-headed hydra!!
The five-headed hydra is moderately wounded.
The cane toad stings you!
The five-headed hydra bites you but does no damage.
The five-headed hydra barely misses you.
The five-headed hydra bites you.
The five-headed hydra barely misses you.
The five-headed hydra bites you!
Things that are here:
a bullfrog corpse; a bullfrog corpse You spin and attack the cane toad repeatedly.
You scratch the cane toad.
The cane toad is heavily wounded.
You claw the cane toad!
The cane toad is almost dead.
You spin and attack the five-headed hydra repeatedly.
You claw the five-headed hydra!
The five-headed hydra is heavily wounded.
You claw the five-headed hydra!
The five-headed hydra is severely wounded.
The cane toad stings you!!
* * * LOW HITPOINT WARNING * * *
The five-headed hydra bites you but does no damage.
The five-headed hydra bites you!
* * * LOW HITPOINT WARNING * * *
The five-headed hydra bites you.
You die...

####~~≈~~~~~~~~~ ...
#..~~~≈~~~~~~~~#
.....#.~~~.~~~~~~~~###
.....#...P.~.~~~~P~~~#~
.........~.~.~~.~P~~~~~
#..........~...F...~~P~
#.P........†.†..~~~.....
...............F†...~~~.
...##.#........D@.......
..# #.................
..# ##................
..## #P...............
...# ##...............
..## ##...............
..######................
....##.....#.........<..
.......).###.....


You could see a five-headed hydra, a cane toad and a blink frog.

Vanquished Creatures
  2 hydras
  A boulder beetle (Lair:4)
  12 death yaks
  A two-headed ogre (D:9)
  A goliath frog (Lair:5)
  An orange crystal statue (Lair:3)
  12 elephants
  2 black mambas (Lair:1)
  A gargoyle (D:10)
  9 cane toads
  2 rime drakes
  3 komodo dragons
  A tyrant leech (Lair:5)
  A polar bear (Lair:3)
  A troll (D:10)
  Grinder (Sewer)
  13 blink frogs (Lair:2)
  A snapping turtle (Lair:2)
  5 wyverns
  A water elemental (Lair:2)
  25 yaks
  A basilisk (Lair:2)
  A redback (Lair:2)
  Menkaure (D:7)
  2 steam dragons (D:6)
  7 vampire mosquitoes
  13 water moccasins
  2 acid dragons (D:8)
  3 ice beasts
  2 orc warriors
  2 sky beasts
  4 black bears
  3 ogres
  7 wolves
  4 centaurs
  2 kobold brigands (Sewer)
  12 bullfrogs
  5 scorpions
  12 wights
  11 killer bees
  A howler monkey (D:6)
  3 vampire bats (Lair:2)
  2 electric eels (Lair:1)
  2 bombardier beetles (D:4)
  4 lava snakes (Lair:3)
  A jelly (D:6)
  A quasit (Sewer)
  A gnoll bouda (D:6)
  4 orc priests
  2 sleepcaps
  6 hounds
  5 iguanas
  Terence (D:2)
  6 orc wizards
  9 adders
  3 gnolls (D:6)
  5 shadow imps
  A white imp (D:8)
  3 ufetubi
  2 dart slugs
  2 ribbon worms (D:5)
  27 orcs
  A bat zombie (Sewer)
  6 endoplasms
  A giant cockroach (D:2)
  7 goblins
  6 hobgoblins
  9 jackals
  6 quokkas
  11 ball pythons
  10 bats
  19 kobolds
  A kobold zombie (Sewer)
358 creatures vanquished.

Vanquished Creatures (others)
  An endoplasm (Sewer)
  A kobold zombie (Sewer)
2 creatures vanquished.

Grand Total: 360 creatures vanquished

Notes
Turn   | Place    | Note
-------+----------+-------------------------------------------
     0 | D:1      | stipulation the Ghoul Monk began the quest for the Orb.
     0 | D:1      | Reached XP level 1. HP: 19/19 MP: 1/1
   119 | D:1      | Reached XP level 2. HP: 26/26 MP: 2/2
   124 | D:1      | Reached skill level 4 in Unarmed Combat
   372 | D:1      | Reached XP level 3. HP: 28/31 MP: 3/3
   632 | D:2      | Noticed Terence
   640 | D:2      | Killed Terence
   641 | D:2      | Reached skill level 5 in Unarmed Combat
   641 | D:2      | Reached XP level 4. HP: 16/38 MP: 4/4
  1119 | D:2      | Found a sacrificial altar of Ru.
  1399 | D:3      | Found Okyic's Assorted Antiques.
  2092 | D:4      | Reached skill level 6 in Unarmed Combat
  2092 | D:4      | Reached XP level 5. HP: 31/45 MP: 1/5
  2207 | D:4      | Reached skill level 1 in Armour
  2287 | D:4      | Noticed a black bear
  2296 | D:4      | Killed a black bear
  2297 | D:4      | Reached XP level 6. HP: 36/51 MP: 3/6
  2513 | D:4      | Reached skill level 7 in Unarmed Combat
  2996 | D:5      | Entered Level 5 of the Dungeon
  3114 | D:5      | Found a bloodstained altar of Trog.
  3161 | D:5      | Found a broken altar of Ashenzari.
  3228 | D:5      | Found a glowing drain.
  3234 | Sewer    | Entered a sewer
  3300 | Sewer    | Reached XP level 7. HP: 57/57 MP: 7/7
  3378 | Sewer    | Found a burning altar of Makhleb.
  3404 | Sewer    | Noticed Grinder
  3408 | Sewer    | Paralysed by Grinder for 5 turns
  3431 | Sewer    | Killed Grinder
  3432 | Sewer    | Reached skill level 8 in Unarmed Combat
  3611 | Sewer    | Reached XP level 8. HP: 47/63 MP: 4/8
  3903 | D:5      | Reached skill level 5 in Armour
  4148 | D:6      | Reached skill level 9 in Unarmed Combat
  4189 | D:6      | HP: 3/63 [orc/+2 dagger of speed (3)]
  4664 | D:5      | Reached skill level 10 in Unarmed Combat
  5006 | D:6      | Reached XP level 9. HP: 69/70 MP: 7/9
  5097 | D:6      | Reached skill level 11 in Unarmed Combat
  5120 | D:6      | Found Notoy's Assorted Antiques.
  5337 | D:6      | Bought a cloak for 126 gold pieces
  5614 | D:6      | Found a staircase to the Ecumenical Temple.
  5628 | Temple   | Entered the Ecumenical Temple
  5634 | Temple   | Became a worshipper of the Wu Jian Council
  5634 | Temple   | Reached * piety under Wu Jian
  5634 | Temple   | Reached ** piety under Wu Jian
  5728 | D:7      | Noticed Menkaure
  5731 | D:7      | Reached skill level 12 in Unarmed Combat
  5732 | D:7      | Killed Menkaure
  6076 | D:7      | Identified the ring of Ycvuisack {rC+ Will+ rCorr}
  6081 | D:7      | Reached skill level 13 in Unarmed Combat
  6098 | D:7      | Reached XP level 10. HP: 71/77 MP: 10/10
  6134 | D:7      | Found a radiant altar of Vehumet.
  6134 | D:7      | Found a blossoming altar of Fedhas.
  6220 | D:7      | Found Lolog's Distillery.
  6223 | D:7      | Bought a potion of heal wounds for 60 gold pieces
  6223 | D:7      | Bought a potion of might for 48 gold pieces
  6223 | D:7      | Bought a potion of might for 48 gold pieces
  6223 | D:7      | Bought a potion of degeneration for 12 gold pieces
  6466 | D:8      | Found Nyr Tiut's Antique Armour Shop.
  6612 | D:8      | Reached skill level 14 in Unarmed Combat
  6719 | D:8      | Reached *** piety under Wu Jian
  6724 | D:8      | Reached skill level 15 in Unarmed Combat
  6772 | D:8      | Found a staircase to the Lair.
  7357 | D:9      | Reached skill level 16 in Unarmed Combat
  7362 | D:9      | Reached XP level 11. HP: 82/82 MP: 11/11
  7547 | D:9      | Found a snail-covered altar of Cheibriados.
  7644 | D:9      | Found Yczeown's Book Shoppe.
  7656 | D:9      | Found a staircase to the Orcish Mines.
  7767 | D:9      | Noticed a two-headed ogre
  7772 | D:9      | Killed a two-headed ogre
  7951 | D:9      | Found Banu's Magic Scroll Shop.
  7980 | D:9      | Reached skill level 17 in Unarmed Combat
  7993 | D:9      | Bought a scroll of fear for 68 gold pieces
  8419 | D:10     | Entered Level 10 of the Dungeon
  9103 | Lair:1   | Entered Level 1 of the Lair of Beasts
  9150 | Lair:1   | Reached skill level 18 in Unarmed Combat
 10034 | Lair:2   | Found a hole to the Spider Nest.
 10191 | Lair:2   | Found a staircase to the Shoals.
 10531 | Lair:2   | Reached skill level 19 in Unarmed Combat
 10531 | Lair:2   | Reached XP level 12. HP: 89/89 MP: 12/12
 10588 | Lair:2   | Reached **** piety under Wu Jian
 11337 | Lair:3   | Reached skill level 20 in Unarmed Combat
 11638 | Lair:3   | Noticed a death yak
 11639 | Lair:3   | Noticed a death yak
 11640 | Lair:3   | Noticed a death yak
 11641 | Lair:3   | Noticed a death yak
 11644 | Lair:3   | Killed a death yak
 11647 | Lair:3   | Killed a death yak
 11647 | Lair:3   | Killed a death yak
 11651 | Lair:3   | Killed a death yak
 11652 | Lair:3   | Reached skill level 21 in Unarmed Combat
 11854 | Lair:3   | Noticed an eight-headed hydra
 11860 | Lair:3   | Killed an eight-headed hydra
 12018 | Lair:3   | Reached XP level 13. HP: 90/94 MP: 11/13
 12657 | Lair:4   | Reached skill level 22 in Unarmed Combat
 13568 | Lair:4   | Reached skill level 23 in Unarmed Combat
 14031 | Lair:4   | Found a viscous altar of Jiyva.
 14031 | Lair:4   | Found a staircase to the Slime Pits.
 14518 | Lair:5   | Entered Level 5 of the Lair of Beasts
 14630 | Lair:5   | Reached ***** piety under Wu Jian
 14654 | Lair:5   | HP: 4/94 [five-headed hydra (10)]
 14654 | Lair:5   | Slain by a five-headed hydra

Illustrated notes

Levels and vault maps discovered:
D:1:      lightli_arrival_flooded_house, layout_basic
D:2:      layout_rooms, basic_altar, uniq_terence
D:3:      layout_basic, serial_shops, nicolae_shop_rolling_square
D:4:      layout_basic, general_overflow_altar
D:5:      layout_basic, mainiacjoe_overflow_catwalk_spiral, serial_library,
          serial_library_regret_index_double_sided,
          serial_library_hellmonk_double_dead_end,
          serial_library_hellmonk_reading_circle,
          serial_library_regret_index_double_sided,
          serial_library_hellmonk_angled_corner,
          serial_library_hellmonk_small_alcove,
          serial_library_hellmonk_hallway_b,
          mainiacjoe_sewer_entry_somewhere_in_here_2
D:6:      cheibrodos_fzero, layout_basic, minmay_temple_entry_grid,
          serial_shops, nicolae_shop_overgrown_old_shop
D:7:      layout_rooms, gammafunk_temple_overflow_wave, serial_shops,
          nicolae_shop_tiny_real_fake_doors, uniq_menkaure
D:8:      layout_basic, minmay_lair_entry_grove, serial_shops,
          nicolae_stop_n_shop_1, kennysheep_pointless_box
D:9:      layout_basic, kennysheep_mini_moat, orc_0_dummy, serial_shops,
          nicolae_shop_crystal, nicolae_shop_tiny_glass
D:10:     layout_rooms, tso_altar
Temple:   hellmonk_temple_two_chambers
Lair:1:   layout_gridlike, serial_bayou_shore_b
Lair:2:   layout_cave_pods, minmay_shoals_entry_hut, spider_nest_entry_webs,
          nicolae_volcano_entry_two_sided, roderic_batcave
Lair:3:   layout_gridlike, disabler_island
Lair:4:   layout_cave_pods, slime_entry_1, chequers_serial_rivers_room_a,
          infiniplex_staircase_pool, grunt_megastairs_5
Lair:5:   minmay_lair_end_frog_pond, layout_layer_cave, serial_rivers,
          chequers_serial_rivers_small_3, chequers_serial_rivers_small_b,
          chequers_serial_rivers_small_b, chequers_serial_rivers_large_b,
          chequers_serial_rivers_micro_d, grunt_forest_small_clearing_treed

Skill      XL: |  1  2  3  4  5  6  7  8  9 10 11 12 13 |
---------------+----------------------------------------+-----
Unarmed Combat | 4 5 6 7 8 10 13 16 19 21 23 | 23.5
Armour         | 2 3 4 6 |  6.0
Fighting       | |  3.2
Dodging        | |  2.6
Stealth        | |  0.3

Action                     |  1- 3 |  4- 6 |  7- 9 | 10-12 | 13-15 || total
---------------------------+-------+-------+-------+-------+-------++-------
  Melee: Unarmed           |    54 |   146 |   285 |   424 |   229 ||  1138
 Invoke: Serpent's Lash    |       |       |       |     4 |     4 ||     8
Ability: Lunge             |       |       |     5 |    30 |    11 ||    46
         Whirlwind         |       |       |       |    18 |    34 ||    52
         Wall Jump         |       |       |       |     3 |     1 ||     4
  Evoke: Wand              |       |       |       |       |     4 ||     4
    Use: Scroll            |       |       |     9 |       |     2 ||    11
         Potion            |       |       |     1 |       |     1 ||     2
 Armour: Robe              |    27 |    44 |       |       |       ||    71
         Plate armour      |       |    65 |   320 |   325 |   168 ||   878
  Dodge: Dodged            |    36 |    54 |    81 |   156 |    64 ||   391
